 Dungeon Crawl Stone Soup version 0.18-a0-1687-gc97eaad (webtiles) character file.

12097 vdate the Protected (level 11, -12/141 HPs)
             Began as a Minotaur Monk on Mar 10, 2016.
             Was an Elder of Hepliaklqana.
             Mangled by an orc warlord
             ... wielding a +0 war axe of freezing
              (14 damage)
             ... on level 1 of the Orcish Mines on Mar 11, 2016.
             The game lasted 00:55:13 (12500 turns).

vdate the Protected (Minotaur Monk)                Turns: 12500, Time: 00:55:13

Health: -12/141    AC: 17    Str: 23    XL:     11   Next: 58%
Magic:  13/13      EV: 12    Int:  7    God:    Hepliaklqana [****..]
Gold:   41         SH:  8    Dex: 16    Spells: 0 memorised, 10 levels left

rFire  + + +     SeeInvis .     w - +6 scimitar of Flaming Death {sticky flame, rPois rF++ rC- MR+}
rCold  x . .     Gourm    .     j - +1 plate armour {rF+}
rNeg   . . .     Faith    .     L - +0 buckler
rPois  +         Spirit   .     (helmet restricted)
rElec  .         Dismiss  .     (no cloak)
rCorr  .         Reflect  +     f - +0 pair of gloves
SustAt .         Harm     .     (no boots)
MR     +....                    M - +3 amulet of reflection
Stlth  ..........               s - +2 ring of strength
                                r - +6 ring of slaying

@: berserking, very quick, somewhat resistant to hostile enchantments, extremely
unstealthy
A: retaliatory headbutt, horns 2, mutation resistance 1
a: Recall Ancestor, Ancestor Identity, Transference, Renounce Religion


You were on level 1 of the Orcish Mines.
You worshipped Hepliaklqana.
Hepliaklqana was greatly pleased with you.
You were not hungry.

You visited 3 branches of the dungeon, and saw 12 of its levels.

You collected 992 gold pieces.
You spent 951 gold pieces at shops.

Inventory:

Hand Weapons
 a - a +2 dagger of electrocution
 b - a +0 blowgun
 p - a +2 scimitar of flaming
 w - the +6 scimitar of Flaming Death (weapon) {sticky flame, rPois rF++ rC- MR+}
   (You bought it in a shop on level 8 of the Dungeon)

   It has been specially enchanted to burn those struck by it, causing extra
   injury to most foes and up to half again as much damage against particularly
   susceptible opponents.
   Big, fiery blades are also staple armaments of hydra-hunters.
   It greatly protects you from fire.
   It makes you vulnerable to cold.
   It protects you from poison.
   It affects your resistance to hostile enchantments.
 x - a +2 morningstar of holy wrath
 G - a +0 falchion
Missiles
 t - 3 javelins of penetration (quivered)
 B - 5 needles of confusion
 E - 33 poisoned needles
Armour
 f - a +0 pair of gloves (worn)
 h - a +0 shield
 j - a +1 plate armour of fire resistance (worn)
 y - the +1 chain mail "Goicavvubbu" {rElec}
   (You found it on level 6 of the Dungeon)

   It insulates you from electricity.
 L - a +0 buckler (worn)
 P - a +1 leather armour of positive energy
Jewellery
 r - a +6 ring of slaying (left hand)
 s - a +2 ring of strength (right hand)
 M - a +3 amulet of reflection (around neck)
Wands
 v - a wand of paralysis (12/24)
 H - a wand of confusion (11/48)
 N - a wand of lightning (7/15)
Scrolls
 c - a scroll of teleportation
 d - 10 scrolls of remove curse
 i - 5 scrolls of enchant armour
 C - 2 scrolls of recharging
 R - a scroll of immolation
 S - a scroll of fear {unknown}
Potions
 e - 2 potions of cure mutation
 g - a potion of haste
 l - a potion of resistance
 m - 2 potions of invisibility
 n - 3 potions of agility
 o - 2 potions of curing
 u - a potion of might
 A - a potion of flight
Miscellaneous
 q - a phantom mirror
Comestibles
 k - 4 meat rations
 D - 9 bread rations
 K - a beef jerky
 Q - 18 fruits


   Skills:
 + Level 7.9 Fighting
 - Level 8.3(8.4) Short Blades
 * Level 0.5(5.7) Long Blades
 + Level 5.0 Throwing
 * Level 10.3 Armour
 + Level 9.4 Dodging
 + Level 5.0 Stealth
 + Level 2.6 Shields
 + Level 5.9 Unarmed Combat
 * Level 4.5 Invocations
 * Level 3.6 Evocations


You had 10 spell levels left.
You didn't know any spells.

Dungeon Overview and Level Annotations

Branches:
Dungeon (10/15)            Temple (1/1) D:7            Lair (0/8) D:10
    Orc (1/2) D:10

Altars:
Ashenzari
Cheibriados
Dithmenos
Elyvilon
Fedhas
Gozag
Hepliaklqana
Kikubaaqudgha
Makhleb
Nemelex Xobeh
Okawaru
Pakellas
Qazlal
Ru
Sif Muna
Trog
Ukayaw
Vehumet
Xom
Yredelemnul
Zin
The Shining One

Shops:
D:5 *   D:8 *


Innate Abilities, Weirdness & Mutations

You reflexively headbutt those who attack you in melee.
You have a pair of horns on your head.
You are somewhat resistant to further mutation.


Message History

The orc sorcerer mumbles some strange words.
The orc sorcerer closely misses you. You furiously retaliate!
You headbutt the orc sorcerer! You slash the orc warlord!
You burn the orc warlord.
The orc warlord is covered in liquid flames!
The orc warlord is heavily wounded.
You block the orc warlord's attack. The orc sorcerer barely misses you.
You furiously retaliate!
You headbutt the orc sorcerer. You block the ynoxinul's attack.
The orc sorcerer points at you and mumbles some strange words.
You resist with almost no effort.
You slice the orc warlord!! You burn the orc warlord.
You headbutt the orc warlord!
The orc warlord is almost dead.
The orc warlord burns!
The orc sorcerer hits you but does no damage.
The ynoxinul gestures.
The orc warlord roars a battlecry!
The orcs go into a battle-frenzy!
The orc warlord hits you with a war axe of freezing!
You die...

#..# #..# ###.###
###... ##.....# ......
###......#### ......
#.....)..#..###......
####.5.................
#.##.5..#..........#.#.
#...)3o.#......[...# ##
#..5oo@#####.....#####.
##..ooo##..........##..
##...o##....§.....#...
#...4o....#.....§[§..
##..o....####.......)
####...### ##.......
###.#..# ##..>.#.
#...#.## ##...##
###.### ##...#


You could see an orc warlord (burning), an orange demon, a ynoxinul, 3 orc
sorcerers, 2 orc warriors, 3 orcs and 3 ufetubi.

Vanquished Creatures
  A stone giant (Orc:1)
  Erica (Orc:1)
  An unseen horror (D:10)
  An orc sorcerer (Orc:1)
  Joseph (D:7)
  A komodo dragon (D:10)
  The ghost of ktulu8bugs the Sneak, a novice OpCj of Cheibriados (D:4)
  2 trolls
  2 two-headed ogres (D:9)
  Prince Ribbit (D:5)
  A shadow (D:8)
  13 yaks
  A hippogriff (D:10)
  A warg (Orc:1)
  6 orc warriors
  2 phantoms
  A sky beast (D:6)
  10 ogres
  A necrophage (D:10)
  3 centaurs
  6 big kobolds
  3 gnoll sergeants (D:10)
  3 giant frogs
  4 scorpions
  5 killer bees (D:9)
  2 wights (D:10)
  2 howler monkeys (D:9)
  A giant frog zombie (D:7)
  A centaur zombie (D:9)
  2 wasp zombies
  2 giant frog skeletons
  7 hounds
  4 orc priests
  A gnoll shaman (D:6)
  A jelly (D:8)
  7 orc wizards
  Ijyb (D:3)
  2 iguanas
  11 worker ants
  Terence (D:3)
  2 hound skeletons
  A worker ant zombie (D:8)
  7 gnolls
  A howler monkey skeleton (D:10)
  15 adders
  2 shadow imps
  An ooze (D:3)
  An adder skeleton (D:8)
  A worm (D:3)
  2 dart slugs
  10 giant geckos
  40 orcs
  2 giant cockroaches
  6 goblins
  9 hobgoblins
  23 jackals
  A quokka (D:8)
  8 bats
  4 giant newts
  15 kobolds
  A quokka skeleton (D:10)
  2 rats
271 creatures vanquished.

Vanquished Creatures (collateral kills)
  An orc knight (Orc:1)
  A centaur skeleton (D:10)
  A wyvern (D:10)
  An orc warrior (D:10)
  A centaur (D:8)
  A giant frog (D:10)
  A scorpion (D:10)
  A killer bee (D:9)
  A wight (D:10)
  A howler monkey (D:9)
  A hound (D:9)
  2 worker ants
  2 gnolls (D:9)
  An adder zombie (D:10)
  5 orcs
  3 jackals
24 creatures vanquished.

Vanquished Creatures (others)
  5 battlemagi
  5 plants (D:10)
10 creatures vanquished.

Grand Total: 305 creatures vanquished

Notes
Turn   | Place    | Note
--------------------------------------------------------------
     0 | D:1      | vdate the Minotaur Monk began the quest for the Orb.
     0 | D:1      | Reached XP level 1. HP: 19/19 MP: 0/0
   448 | D:1      | Reached XP level 2. HP: 26/26 MP: 1/1
   580 | D:1      | Reached skill level 5 in Unarmed Combat
   829 | D:1      | HP: 1/27 [hobgoblin/dagger of electrocution (2)]
  1255 | D:1      | Reached XP level 3. HP: 30/33 MP: 2/2
  2053 | D:2      | Reached XP level 4. HP: 33/40 MP: 3/3
  2102 | D:3      | Noticed Terence
  2117 | D:3      | Killed Terence
  2117 | D:3      | Reached skill level 1 in Short Blades
  2294 | D:3      | Found a deep blue altar of Sif Muna.
  2553 | D:3      | Reached XP level 5. HP: 31/46 MP: 4/4
  2808 | D:3      | Noticed Ijyb
  2817 | D:3      | Killed Ijyb
  3252 | D:4      | Reached skill level 5 in Dodging
  3252 | D:4      | Reached XP level 6. HP: 53/53 MP: 5/5
  3268 | D:4      | Gained mutation: You are somewhat resistant to further mutation. [potion of beneficial mutation]
  3297 | D:4      | Noticed ktulu8bugs's ghost (novice OpCj)
  3303 | D:4      | Killed ktulu8bugs's ghost
  3303 | D:4      | Reached XP level 7. HP: 54/60 MP: 6/6
  3310 | D:4      | Reached skill level 5 in Fighting
  3905 | D:5      | Entered Level 5 of the Dungeon
  3964 | D:5      | Found a snail-covered altar of Cheibriados.
  4019 | D:5      | Found a stormy altar of Qazlal.
  4023 | D:5      | Reached XP level 8. HP: 38/69 MP: 7/7
  4267 | D:5      | Noticed Prince Ribbit
  4271 | D:5      | Killed Prince Ribbit
  4276 | D:5      | Found Noxastre's Assorted Antiques.
  4639 | D:5      | Bought a scroll of identify for 48 gold pieces
  4861 | D:5      | Found a sacrificial altar of Ru.
  4995 | D:5      | Found a shadowy altar of Dithmenos.
  5154 | D:6      | Reached skill level 5 in Short Blades
  5255 | D:6      | Reached skill level 1 in Armour
  5327 | D:6      | Reached skill level 1 in Throwing
  5327 | D:6      | Reached skill level 2 in Armour
  5423 | D:6      | Found a blossoming altar of Fedhas.
  5550 | D:6      | Got a pitted chain mail
  5551 | D:6      | Identified the cursed +1 chain mail "Goicavvubbu" {rElec} (You found it on level 6 of the Dungeon)
  6092 | D:6      | Found an ancient bone altar of Kikubaaqudgha.
  6472 | D:6      | Reached XP level 9. HP: 72/78 MP: 8/8
  6858 | D:7      | Noticed Joseph
  6876 | D:7      | Killed Joseph
  6876 | D:7      | Reached skill level 3 in Armour
  7108 | D:7      | Reached skill level 4 in Armour
  7120 | D:7      | Reached skill level 5 in Armour
  7567 | D:7      | Found a staircase to the Ecumenical Temple.
  7574 | Temple   | Entered the Ecumenical Temple
  7586 | Temple   | Became a worshipper of Hepliaklqana
  7586 | Temple   | Reached * piety under Hepliaklqana
  7586 | Temple   | Reached ** piety under Hepliaklqana
  7954 | D:7      | Remembered your ancestor Leofdaeg as a battlemage
  8244 | D:8      | Reached skill level 1 in Invocations
  8273 | D:8      | Found Puwniom's General Store.
  8624 | D:8      | Reached skill level 1 in Evocations
  8717 | D:8      | Reached skill level 6 in Armour
  8898 | D:9      | Reached XP level 10. HP: 84/84 MP: 10/10
  9092 | D:9      | Reached *** piety under Hepliaklqana
  9400 | D:9      | Found a blossoming altar of Fedhas.
  9474 | D:9      | Reached skill level 7 in Armour
  9832 | D:10     | Entered Level 10 of the Dungeon
  9846 | D:10     | Killed an unseen horror
  9924 | D:10     | Your ally Leofdaeg died
  9940 | D:9      | Reached skill level 1 in Shields
 10202 | D:10     | Reached skill level 8 in Armour
 10381 | D:10     | Reached **** piety under Hepliaklqana
 10517 | D:10     | Found a staircase to the Lair.
 10606 | D:10     | Found a staircase to the Orcish Mines.
 10620 | D:10     | Your ally Leofdaeg died
 10654 | D:10     | Reached skill level 9 in Armour
 10654 | D:10     | Reached XP level 11. HP: 73/93 MP: 12/12
 11328 | Orc:1    | Entered Level 1 of the Orcish Mines
 11328 | Orc:1    | Noticed an orc knight
 11362 | Orc:1    | Killed an orc knight
 11557 | Orc:1    | Noticed Erica
 11565 | Orc:1    | Killed Erica
 11794 | Orc:1    | Reached skill level 10 in Armour
 11796 | Orc:1    | Noticed a stone giant
 11803 | Orc:1    | Your ally Leofdaeg died
 11811 | Orc:1    | Killed a stone giant
 11811 | Orc:1    | HP: 4/141 [orc wizard/magic dart (7)]
 12303 | D:8      | Bought the +6 scimitar of Flaming Death {sticky flame, rPois rF++ rC- MR+} for 903 gold pieces
 12433 | Orc:1    | Noticed an orc sorcerer
 12435 | Orc:1    | Noticed an orc sorcerer
 12435 | Orc:1    | Noticed an orc sorcerer
 12436 | Orc:1    | Noticed an orc warlord
 12440 | Orc:1    | Killed an orc sorcerer
 12440 | Orc:1    | Reached skill level 5 in Throwing
 12440 | Orc:1    | Reached skill level 5 in Stealth
 12442 | Orc:1    | Noticed an orc sorcerer
 12445 | Orc:1    | Your ally Leofdaeg died
 12497 | Orc:1    | HP: 6/141 [orc warlord/war axe of freezing (17)]
 12497 | Orc:1    | HP: 2/141 [orc warlord/war axe of freezing (4)]
 12497 | Orc:1    | Your ally Leofdaeg died
 12500 | Orc:1    | Mangled by an orc warlord

Vault maps used:
D:1:      erik_arrival_cave_to_civilisation, corexii_corridor_pit,
          kennysheep_doodads
D:3:      led_sif_book, uniq_terence, uniq_iyjb
D:5:      lemuel_coloured_pillars_altar, marbit_many_paths,
          kennysheep_mini_moat, nicolae_ru_path_of_blood, serial_shops,
          nicolae_shop_crystal, first_bread, uniq_prince_ribbit1
D:6:      old_standard_altar, fedhas_altar_1
D:7:      minmay_temple_entry_crystal_x, uniq_joseph
D:8:      serial_shops, shop
D:9:      hangedman_tree_tricks
D:10:     david_lair_shrubbed, kennysheep_orc_monster_closet_entryway
Temple:   eino_wide_crystal_templ_15
Orc:1:    rock_pile, uniq_erica, uniq_urug, uniq_harold

Skill      XL: |  1  2  3  4  5  6  7  8  9 10 11 |
---------------+----------------------------------+-----
Unarmed Combat | 5 |  5.9
Fighting       | 4 5 6 7 |  7.9
Short Blades   | 1 2 3 5 6 7 8 |  8.3
Dodging        | 4 5 6 8 9 |  9.4
Stealth        | 2 3 4 5 |  5.0
Armour         | 2 6 9 10 | 10.3
Throwing       | 1 3 4 5 |  5.0
Invocations    | 1 3 4 |  4.5
Evocations     | 1 2 3 |  3.6
Shields        | 1 2 |  2.6
Long Blades    | |  0.5

Action                   |  1- 3 |  4- 6 |  7- 9 | 10-12 || total
-------------------------+-------+-------+-------+-------++-------
Melee: Unarmed           |    45 |       |       |       ||    45
       Dagger            |    40 |    70 |   233 |   243 ||   586
       Scimitar          |       |       |       |    17 ||    17
 Fire: Blowgun           |       |       |    19 |       ||    19
Throw: Javelin           |       |       |    27 |    18 ||    45
       Throwing net      |       |       |       |     3 ||     3
Invok: Ancestor Life: Ba |       |       |     1 |       ||     1
Evoke: Wand              |       |       |     1 |       ||     1
  Use: Scroll            |       |     7 |    12 |     8 ||    27
       Potion            |       |     1 |       |     8 ||     9
 Stab: Sleeping          |     5 |     2 |     2 |       ||     9
       Distracted        |       |       |       |     5 ||     5
  Eat: Chunk             |     3 |     1 |    12 |    10 ||    26
       Pizza             |       |     2 |       |       ||     2
       Beef jerky        |       |       |     1 |       ||     1
       Bread ration      |       |       |     1 |       ||     1
       Fruit             |       |       |       |     2 ||     2
